[Event "Titled Tuesday Blitz August 08 Early 2023"]
[White "Christie, Joshua"]
[Black "Hrbek, Stepan"]
[WhiteFideId "7402074"]
[BlackFideId "393479"]
[WhiteElo "2602"]
[BlackElo "2427"]
[Result "1-0"]
[Round "3"]
[TimeControl "180+1"]
[Date "2023.08.08"]
[WhiteClock "0:00:13"]
[BlackClock "0:00:00"]
[Board "139"]

1. Nf3 d5 2. b3 g6 3. Bb2 Nf6 4. e3 Bg7 5. c4 O-O 6. cxd5 Nxd5 7. Bxg7 Kxg7 8. Be2 Nc6 9. O-O e5 10. d3 f6 11. Qc2 Be6 12. a3 a5 13. Nbd2 Qd7 14. Ne4 b6 15. Rac1 Nde7 16. Rfd1 Qd5 17. Qc4 Qxc4 18. dxc4 Rad8 19. Nc3 Nb8 20. Nb5 Na6 21. Nd2 c6 22. Nc3 Nc5 23. Nce4 f5 24. Nxc5 bxc5 25. a4 Rd6 26. Nf3 Rxd1+ 27. Rxd1 Kf6 28. h4 Rb8 29. Ng5 h6 30. Nh7+ Kg7 31. Rd6 Bf7 32. Nf6 Rxb3 33. Nd7 Rb4 34. Nxe5 Rxa4 35. Rd7 Kf6 36. f4 Ra1+ 37. Kf2 Be6 38. Rd6 a4 39. g4 fxg4 40. Bxg4 Nf5 41. h5 gxh5 42. Bxh5 a3 43. Bf7 1-0


[Site "https://www.chess.com"]

[Event "Titled Tuesday Blitz August 08 Early 2023"]
[White "Sadykov, Ramil"]
[Black "Psychonerd5"]
[WhiteFideId "24113590"]
[WhiteElo "2602"]
[BlackElo "2423"]
[Result "1-0"]
[Round "3"]
[TimeControl "180+1"]
[Date "2023.08.08"]
[WhiteClock "0:01:32"]
[BlackClock "0:00:41"]
[Board "140"]

1. e4 c5 2. Nf3 e6 3. d4 cxd4 4. Nxd4 a6 5. Nc3 b5 6. Bd3 d6 7. O-O Nf6 8. Re1 Be7 9. Qf3 Bb7 10. a4 b4 11. Na2 d5 12. e5 Nfd7 13. Qg3 g6 14. Bh6 Nc6 15. c3 bxc3 16. bxc3 Nc5 17. Bc2 Na5 18. Nb4 Rc8 19. Qf4 Nc4 20. a5 Ne4 21. Ba4+ 1-0


[Site "https://www.chess.com"]

[Event "Titled Tuesday Blitz August 08 Early 2023"]
[White "Malek, Jan"]
[Black "Swicarz, Maciej"]
[WhiteFideId "21864080"]
[BlackFideId "1113585"]
[WhiteElo "2601"]
[BlackElo "2423"]
[Result "1/2-1/2"]
[Round "3"]
[TimeControl "180+1"]
[Date "2023.08.08"]
[WhiteClock "0:00:02"]
[BlackClock "0:00:05"]
[Board "141"]

1. a3 c5 2. b3 Nc6 3. Bb2 e5 4. e3 d6 5. g3 g6 6. Bg2 Bg7 7. Ne2 Nge7 8. d3 O-O 9. Nd2 f5 10. h3 Be6 11. O-O Qd7 12. Kh2 Rae8 13. f4 b6 14. Nc4 Qc7 15. a4 d5 16. Nxe5 Nxe5 17. fxe5 Bxe5 18. Bxe5 Qxe5 19. Nf4 Bf7 20. d4 Qxe3 21. a5 g5 22. Re1 Qxd4 23. Qxd4 cxd4 24. Ne6 Bxe6 25. Rxe6 f4 26. gxf4 gxf4 27. axb6 axb6 28. Rae1 f3 29. Bf1 f2 30. R1e5 Rf7 31. Bb5 Kf8 32. Kg2 Rc8 33. Rxb6 Rxc2 34. Bf1 Rc1 35. Rb8+ Kg7 36. Rb7 Re1 37. Rg5+ Kh6 38. h4 d3 39. Bxd3 f1=Q+ 40. Bxf1 Rexf1 41. Rxe7 R1f2+ 42. Kg1 Rf1+ 43. Kg2 R7f2+ 44. Kg3 Rf3+ 45. Kh2 R1f2+ 46. Kg1 Rf1+ 47. Kg2 R1f2+ 48. Kg1 Rf1+ 49. Kh2 R1f2+ 50. Kh1 Rf1+ 51. Kh2 1/2-1/2


[Site "https://www.chess.com"]

[Event "Titled Tuesday Blitz August 08 Early 2023"]
[White "Subelj, Jan"]
[Black "Toktomushev, Teimur"]
[WhiteFideId "14618583"]
[BlackFideId "14176726"]
[WhiteElo "2600"]
[BlackElo "2422"]
[Result "1-0"]
[Round "3"]
[TimeControl "180+1"]
[Date "2023.08.08"]
[WhiteClock "0:01:58"]
[BlackClock "0:00:00"]
[Board "142"]

1. e4 c5 2. Nf3 e6 3. Na3 Nc6 4. Bb5 Nge7 5. Nc4 d5 6. exd5 exd5 7. Nce5 Qc7 8. O-O a6 9. Bxc6+ Nxc6 10. Re1 Be6 11. Nxf7 Be7 12. Nxh8 Bg4 13. h3 Bh5 14. g4 O-O-O 15. gxh5 Rxh8 16. d4 Rf8 17. Ne5 Nxd4 18. Qg4+ Kd8 19. Bg5 Bxg5 20. Qxg5+ Kc8 21. Qg4+ Kd8 22. Rad1 Rf5 23. Rxd4 Rxe5 24. Rxe5 Qxe5 25. Rd1 d4 26. Qf3 Kd7 27. Kf1 Kd6 28. Qg3 1-0


[Site "https://www.chess.com"]

[Event "Titled Tuesday Blitz August 08 Early 2023"]
[White "Rom, Jasper"]
[Black "Zarnicki, Pablo"]
[WhiteFideId "2023733"]
[BlackFideId "100137"]
[WhiteElo "2422"]
[BlackElo "2598"]
[Result "0-1"]
[Round "3"]
[TimeControl "180+1"]
[Date "2023.08.08"]
[WhiteClock "0:00:00"]
[BlackClock "0:00:25"]
[Board "143"]

1. e4 e6 2. d4 d5 3. Bd3 Nc6 4. Nf3 Nb4 5. O-O dxe4 6. Bxe4 Nf6 7. Bd3 Nxd3 8. Qxd3 Be7 9. c4 O-O 10. Nc3 b6 11. Bg5 Bb7 12. Rad1 h6 13. Bh4 c5 14. Bxf6 Bxf6 15. d5 exd5 16. cxd5 Re8 17. Rd2 Qd7 18. Rfd1 Rad8 19. Ne4 Qf5 20. Nxf6+ Qxf6 21. Qc3 Qf4 22. h3 Re7 23. d6 Re6 24. d7 Rg6 25. Kf1 Ba6+ 26. Kg1 Bb7 27. Kf1 Bc6 28. Qe3 Qc4+ 29. Qe2 Qxe2+ 30. Kxe2 Rxg2 31. Ne5 Bb5+ 32. Kf3 Rg5 33. Ng4 Rf5+ 34. Kg3 Kf8 35. b3 Bc6 36. Rd6 Bb7 37. Re1 h5 38. Ne3 Rf3+ 39. Kh4 Rxf2 40. Nc4 Rf4+ 41. Kg3 Rd4 0-1


[Site "https://www.chess.com"]

[Event "Titled Tuesday Blitz August 08 Early 2023"]
[White "Goldin, Alexander"]
[Black "Rangel, Daniel"]
[WhiteFideId "2019540"]
[BlackFideId "2124475"]
[WhiteElo "2597"]
[BlackElo "2421"]
[Result "1-0"]
[Round "3"]
[TimeControl "180+1"]
[Date "2023.08.08"]
[WhiteClock "0:00:28"]
[BlackClock "0:00:00"]
[Board "144"]

1. Nf3 Nf6 2. g3 g6 3. Bg2 Bg7 4. O-O O-O 5. d4 b6 6. c4 Bb7 7. Nc3 d6 8. d5 Qe8 9. e4 e5 10. dxe6 Qxe6 11. Nd5 Na6 12. Nd4 Qe8 13. Re1 Qd7 14. Bg5 Nxd5 15. cxd5 Rfe8 16. Rc1 h6 17. Bf4 g5 18. Be3 Nc5 19. f3 a5 20. Qd2 Ba6 21. Bf1 Bxf1 22. Rxf1 Bxd4 23. Qxd4 f5 24. Qf6 fxe4 25. Qxh6 Qg7 26. Qh5 exf3 27. Rxf3 g4 28. Rf5 Re5 29. Rcf1 Rae8 30. Bh6 Rxf5 31. Qxf5 Qd4+ 32. Rf2 Qe5 33. Qg6+ Kh8 34. Bg7+ Qxg7 35. Qxe8+ Kh7 36. Rf7 1-0


[Site "https://www.chess.com"]

[Event "Titled Tuesday Blitz August 08 Early 2023"]
[White "Bogaudinov, Rushan"]
[Black "Andreev, Konstantin"]
[WhiteFideId "4129288"]
[BlackFideId "24239305"]
[WhiteElo "2419"]
[BlackElo "2593"]
[Result "0-1"]
[Round "3"]
[TimeControl "180+1"]
[Date "2023.08.08"]
[WhiteClock "0:00:05"]
[BlackClock "0:00:50"]
[Board "145"]

1. e4 c5 2. Nf3 e6 3. g3 Nc6 4. Bg2 d6 5. O-O Nf6 6. Re1 Be7 7. c3 e5 8. d4 exd4 9. cxd4 cxd4 10. Nxd4 Ne5 11. Nc3 O-O 12. Bg5 h6 13. Bxf6 Bxf6 14. Nd5 Be6 15. Nxe6 fxe6 16. Nxf6+ Qxf6 17. Re2 Rad8 18. Rc1 Rf7 19. f4 Ng6 20. Rd2 e5 21. f5 Ne7 22. Rc7 d5 23. exd5 Nxf5 24. Rxf7 Qxf7 25. Qb3 Nd4 26. Qe3 Qf5 27. Be4 Qc8 28. Kg2 Rf8 29. Bd3 Qc5 30. Qxe5 Nf3 31. Qe4 Qg1+ 32. Kh3 Ng5+ 33. Kg4 Nxe4 34. Bxe4 Qe1 35. Rd4 Qe3 36. Rb4 Re8 37. Bf5 Qg5+ 0-1


[Site "https://www.chess.com"]

[Event "Titled Tuesday Blitz August 08 Early 2023"]
[White "Khromkin, Andrey"]
[Black "Jia, Haoxiang"]
[WhiteFideId "4154126"]
[BlackFideId "8602999"]
[WhiteElo "2416"]
[BlackElo "2591"]
[Result "0-1"]
[Round "3"]
[TimeControl "180+1"]
[Date "2023.08.08"]
[WhiteClock "0:00:08"]
[BlackClock "0:00:20"]
[Board "146"]

1. d4 Nf6 2. c4 g6 3. Nf3 Bg7 4. Nc3 O-O 5. g3 d6 6. Bg2 Nbd7 7. O-O c6 8. h3 e5 9. e4 exd4 10. Nxd4 Re8 11. Be3 Nc5 12. Qc2 a5 13. Rfe1 Qc7 14. b3 Nfd7 15. Kh2 Ne5 16. Red1 h5 17. f4 Ned7 18. Bf2 h4 19. gxh4 Nf6 20. Nde2 Nh5 21. Rab1 Bh6 22. Bg3 Nxg3 23. Kxg3 f5 24. Qd2 Nxe4+ 25. Nxe4 fxe4 26. Qxd6 Qf7 27. h5 Bf5 28. hxg6 Bxg6 29. Kh2 Re6 30. Qd4 Bh5 31. Rg1 Bg7 32. Qe3 Rd8 33. Bxe4 Bxe2 34. f5 Rxe4 35. Qxe4 Bd3 36. Qf4 Bxb1 37. f6 Bg6 38. Qg5 Qxf6 39. Qxf6 Bxf6 40. Rxg6+ Kf7 41. Rh6 Rd2+ 42. Kg3 Kg7 43. Rh5 Rxa2 44. Rxa5 Rxa5 0-1


[Site "https://www.chess.com"]

[Event "Titled Tuesday Blitz August 08 Early 2023"]
[White "Heinemann, Josefine"]
[Black "Avazkhonov, Alikhon"]
[WhiteFideId "12900460"]
[BlackFideId "14208504"]
[WhiteElo "2591"]
[BlackElo "2413"]
[Result "1-0"]
[Round "3"]
[TimeControl "180+1"]
[Date "2023.08.08"]
[WhiteClock "0:01:00"]
[BlackClock "0:00:56"]
[Board "147"]

1. e4 c5 2. c3 d5 3. exd5 Qxd5 4. d4 Nf6 5. Nf3 Bg4 6. dxc5 Qxc5 7. Be3 Qc7 8. h3 Bd7 9. Na3 Nc6 10. Nb5 Qa5 11. Bc4 a6 12. Nbd4 e6 13. O-O Be7 14. Nb3 Qc7 15. Qe2 O-O 16. a4 b6 17. Bxa6 Nd5 18. Bb5 Nxe3 19. Qxe3 Rfd8 20. Rfd1 Be8 21. Qe2 h6 22. Nbd4 Nxd4 23. Nxd4 Bxb5 24. axb5 Qb7 25. Nc6 Rxd1+ 26. Rxd1 Bc5 27. b4 Bf8 28. g3 Qc7 29. Qd2 Ra3 30. Qd8 Qxd8 31. Rxd8 f6 32. c4 Rd3 33. Rxd3 1-0


[Site "https://www.chess.com"]

[Event "Titled Tuesday Blitz August 08 Early 2023"]
[White "Budrewicz, Krzysztof"]
[Black "Molina Carretero, Daniel"]
[WhiteFideId "1127950"]
[BlackFideId "32071914"]
[WhiteElo "2587"]
[BlackElo "2413"]
[Result "1-0"]
[Round "3"]
[TimeControl "180+1"]
[Date "2023.08.08"]
[WhiteClock "0:00:19"]
[BlackClock "0:00:20"]
[Board "148"]

1. d4 Nf6 2. c4 e6 3. Nf3 d5 4. g3 Be7 5. Bg2 O-O 6. O-O dxc4 7. Na3 Bxa3 8. bxa3 b5 9. Ne5 Nd5 10. a4 a6 11. Ba3 Re8 12. Qc2 Bb7 13. Rab1 b4 14. Nxc4 bxa3 15. Rxb7 Nc6 16. Rfb1 Nxd4 17. Qd2 c5 18. e3 Nc6 19. Bxd5 Qxd5 20. Qxd5 exd5 21. Nd6 Reb8 22. Nxf7 Rxb7 23. Rxb7 Ra7 24. Rxa7 Nxa7 25. Ne5 c4 26. Kf1 Kf8 27. Ke2 Ke7 28. Kd2 Kd6 29. f4 Nc6 30. Nxc6 Kxc6 31. Kc3 a5 32. Kd4 Kd6 33. g4 Kc6 34. h4 Kd6 35. f5 h5 36. g5 c3 37. Kxc3 Ke5 38. f6 gxf6 39. g6 Ke6 40. Kd4 f5 41. g7 Kf7 42. Kxd5 Kxg7 43. Ke5 Kg6 44. Ke6 1-0


[Site "https://www.chess.com"]

[Event "Titled Tuesday Blitz August 08 Early 2023"]
[White "Kashefi, Amir Hosein"]
[Black "Vlassov, Nikolai"]
[WhiteFideId "12557935"]
[BlackFideId "4103360"]
[WhiteElo "2413"]
[BlackElo "2586"]
[Result "0-1"]
[Round "3"]
[TimeControl "180+1"]
[Date "2023.08.08"]
[WhiteClock "0:00:01"]
[BlackClock "0:00:06"]
[Board "149"]

1. d4 Nf6 2. Nf3 e6 3. Bg5 h6 4. Bxf6 Qxf6 5. g3 b5 6. Bg2 Bb7 7. O-O g5 8. a4 b4 9. Nbd2 g4 10. Ne5 Bxg2 11. Kxg2 d6 12. Nxg4 Qxd4 13. e3 Qxb2 14. Qf3 d5 15. Nf6+ Ke7 16. Nxd5+ exd5 17. Qxd5 c6 18. Qe4+ Kd8 19. Rfd1 Kc8 20. Qe8+ Kb7 21. Qxf7+ Ka6 22. Qc4+ Kb7 23. Qf7+ Ka6 24. Nc4 Qg7 25. Qe8 Bc5 26. Qe4 Qh7 27. Qf3 Rf8 28. Qe2 Kb7 29. Kg1 Na6 30. Rd3 Rae8 31. Rad1 Re7 32. Na5+ Kc7 33. Nb3 Qf5 34. Nxc5 Nxc5 35. Rd4 a5 36. Rf4 Qc8 37. Rxf8 Qxf8 38. Qc4 Rd7 39. Rd4 Rxd4 40. exd4 Ne4 41. Qe2 Qf5 42. f3 Ng5 43. Qe7+ Qd7 44. Qe5+ Kb7 45. Kg2 Qd5 46. Qe3 Kb6 47. h4 Ne6 48. Qxh6 Nxd4 49. Qe3 c5 50. h5 Nxc2 51. Qh6+ Qc6 52. Qxc6+ Kxc6 53. h6 b3 54. h7 b2 55. h8=Q b1=Q 56. Qc8+ Kd6 57. Qd8+ Kc6 58. Qc8+ Kd5 59. Qd7+ Kc4 60. Qe6+ Kc3 61. Qe5+ Kd3 62. Qf5+ Kd2 63. Qxc5 Ne3+ 64. Kh2 Qh7+ 65. Kg1 Qd3 66. Qxa5+ Ke2 67. Qb5 Nc4 68. Kg2 Kd2 69. Kh3 Qd4 70. g4 Kd3 71. Qf5+ Kc3 72. a5 Qh8+ 73. Kg3 Qb8+ 74. Qf4 Qb1 75. Qe3+ Nxe3 76. Kf4 Nd5+ 77. Ke5 Nb4 78. g5 Qd3 79. g6 Qe3+ 80. Kf6 Qxf3+ 81. Kg5 Qg3+ 82. Kf6 Nd5+ 83. Kf7 Qf4+ 84. Kg8 Qf6 85. Kh7 Ne7 86. a6 Qxg6+ 87. Kh8 Qh6# 0-1


[Site "https://www.chess.com"]

[Event "Titled Tuesday Blitz August 08 Early 2023"]
[White "Bueno, Alfeu Junior Varela"]
[Black "only_strong_moves"]
[WhiteFideId "2108879"]
[WhiteElo "2411"]
[BlackElo "2586"]
[Result "0-1"]
[Round "3"]
[TimeControl "180+1"]
[Date "2023.08.08"]
[WhiteClock "0:00:00"]
[BlackClock "0:00:11"]
[Board "150"]

1. e4 e5 2. Nc3 Nf6 3. f4 d5 4. fxe5 Nxe4 5. Qf3 Nxc3 6. dxc3 Be7 7. Bf4 O-O 8. O-O-O Be6 9. h4 Qd7 10. Qg3 Qa4 11. Bh6 Qg4 12. Bf4 Qxg3 13. Bxg3 Nd7 14. Nf3 Nc5 15. Bd3 Nxd3+ 16. cxd3 c5 17. Kb1 Bf5 18. Kc1 b5 19. Rhf1 Rfc8 20. Kd2 a5 21. Ng5 Bg6 22. Rde1 b4 23. Nh3 c4 24. Nf4 Rd8 25. Nxg6 hxg6 26. d4 Ra6 27. Re2 Rc8 28. Kc2 a4 29. Be1 b3+ 30. axb3 axb3+ 31. Kd2 Ra2 32. Ke3 Rca8 33. Bg3 Ra1 34. Ree1 Rxe1+ 35. Rxe1 Ra2 36. Re2 Ra1 37. Be1 Rb1 38. Kf3 Kf8 39. g4 Ke8 40. Kf4 Kd7 41. Kf3 Ke6 42. Kf4 Ra1 43. Kf3 Ra2 44. Kf4 Ba3 45. Kf3 Bxb2 46. Bf2 Bc1 47. Re1 b2 48. Rxc1 bxc1=Q 0-1


[Site "https://www.chess.com"]

[Event "Titled Tuesday Blitz August 08 Early 2023"]
[White "Semenenko, Dmytry"]
[Black "Krutko, Anatoly"]
[WhiteFideId "14118645"]
[BlackFideId "4185862"]
[WhiteElo "2405"]
[BlackElo "2584"]
[Result "1/2-1/2"]
[Round "3"]
[TimeControl "180+1"]
[Date "2023.08.08"]
[WhiteClock "0:00:41"]
[BlackClock "0:01:22"]
[Board "151"]

1. Nf3 Nf6 2. c4 g6 3. d4 Bg7 4. Nc3 O-O 5. e4 d6 6. Be2 Bg4 7. Be3 Nfd7 8. O-O Bxf3 9. Bxf3 Nc6 10. d5 Ncb8 11. Be2 c5 12. f4 Na6 13. a3 Nc7 14. Qd2 a6 15. Rae1 Nf6 16. e5 Nfe8 17. exd6 Nxd6 18. Bxc5 Bxc3 19. Qxc3 Ne4 20. Qe3 Nxc5 21. Qxc5 Qd6 22. Qxd6 exd6 23. Bd3 Rfe8 24. Kf2 b5 25. Rxe8+ Rxe8 26. Re1 Rb8 27. cxb5 axb5 28. Be4 Na6 29. b4 Rc8 30. Bd3 Rc3 31. Bxb5 Rxa3 32. Bxa6 Rxa6 33. Rb1 Kf8 34. b5 Rb6 35. Ke3 f5 36. Kd4 Ke7 37. Kc4 Kd7 38. Ra1 Rb7 39. Ra8 Rc7+ 40. Kd4 Rc2 41. Ra7+ Kd8 42. Rxh7 Rxg2 43. Rg7 Rxh2 44. Rxg6 Kc7 45. Rf6 Rd2+ 46. Kc4 Rc2+ 47. Kd3 Rc5 48. Rxf5 Rxb5 49. Ke4 Kd8 50. Rf7 Ke8 51. Ra7 Rb4+ 52. Kf5 Rd4 53. Kf6 Rxf4+ 54. Ke6 Kd8 55. Kxd6 Rf6+ 56. Ke5 Rh6 57. Rg7 Ke8 58. Ra7 Kd8 59. d6 Rh1 60. Ra8+ Kd7 61. Ra7+ Kd8 62. Re7 Re1+ 63. Kf6 Rxe7 64. dxe7+ Ke8 65. Ke6 1/2-1/2


[Site "https://www.chess.com"]

[Event "Titled Tuesday Blitz August 08 Early 2023"]
[White "Matyukov, Petr"]
[Black "Donskov, Anatoly"]
[WhiteFideId "4103688"]
[BlackFideId "24143413"]
[WhiteElo "2584"]
[BlackElo "2402"]
[Result "1-0"]
[Round "3"]
[TimeControl "180+1"]
[Date "2023.08.08"]
[WhiteClock "0:00:17"]
[BlackClock "0:00:00"]
[Board "152"]

1. d4 d5 2. c4 dxc4 3. Nf3 Nf6 4. e3 e6 5. Bxc4 c5 6. O-O a6 7. Bb3 b5 8. a4 c4 9. Bc2 Bb7 10. Qe2 Nc6 11. Rd1 Nb4 12. Na3 Be7 13. Bb1 O-O 14. e4 Nd3 15. e5 Nxc1 16. Rxc1 Nd5 17. Be4 Qb6 18. Qc2 g6 19. h4 Rfd8 20. h5 Nb4 21. Qe2 Bxe4 22. Qxe4 Nd3 23. Rc2 Rac8 24. Rd1 Qa5 25. axb5 axb5 26. Qg4 Bxa3 27. bxa3 Qxa3 28. h6 b4 29. Qg5 b3 30. Qf6 Qf8 31. Re2 Qxh6 32. Re4 b2 33. Rh4 Qg7 34. Qg5 Nc1 35. Rxc1 bxc1=Q+ 36. Qxc1 c3 37. Qc2 1-0


[Site "https://www.chess.com"]

[Event "Titled Tuesday Blitz August 08 Early 2023"]
[White "Rosenberg, Evan S"]
[Black "Moskvin, Anatoly"]
[WhiteFideId "2019299"]
[BlackFideId "24199990"]
[WhiteElo "2402"]
[BlackElo "2583"]
[Result "1-0"]
[Round "3"]
[TimeControl "180+1"]
[Date "2023.08.08"]
[WhiteClock "0:00:04"]
[BlackClock "0:00:05"]
[Board "153"]

1. d4 Nf6 2. Nf3 c5 3. d5 b5 4. e4 Nxe4 5. Bd3 Nf6 6. Bxb5 Ba6 7. a4 g6 8. O-O Bg7 9. c4 O-O 10. Nc3 d6 11. Re1 Bb7 12. a5 Ba6 13. Bg5 h6 14. Bf4 Bxb5 15. cxb5 Nbd7 16. Nd2 Nh5 17. Bg3 Rb8 18. Qe2 Re8 19. Nc4 Nxg3 20. hxg3 Ne5 21. Nxe5 Bxe5 22. Ra4 Qd7 23. Rh4 h5 24. Re4 f5 25. Rxe5 dxe5 26. Qxe5 Qd6 27. Qe3 Kf7 28. Qh6 Rh8 29. Qg5 Qf6 30. Qf4 Rb7 31. Re6 Qd4 32. Qg5 Rg8 33. Qh6 Qg7 34. Qf4 Qd4 35. Qh6 Rd7 36. Qg5 Rh8 37. Qxg6+ Kf8 38. Qxf5+ Ke8 39. Qg6+ Kd8 40. Qf5 h4 41. gxh4 Qxh4 42. Kf1 Qh1+ 43. Ke2 Qxg2 44. Ne4 Rh1 45. Qf8+ Kc7 46. Rc6+ 1-0


[Site "https://www.chess.com"]

[Event "Titled Tuesday Blitz August 08 Early 2023"]
[White "Mika, Tomasz"]
[Black "Atanasov, Anthony"]
[WhiteFideId "1132970"]
[BlackFideId "2623897"]
[WhiteElo "2399"]
[BlackElo "2583"]
[Result "1-0"]
[Round "3"]
[TimeControl "180+1"]
[Date "2023.08.08"]
[WhiteClock "0:01:02"]
[BlackClock "0:01:17"]
[Board "154"]

1. e4 e5 2. Nf3 Nf6 3. Nxe5 d6 4. Nf3 Nxe4 5. d3 Nf6 6. d4 g6 7. Bd3 Bg7 8. O-O O-O 9. c3 c5 10. Bf4 Nd5 11. Bg3 Bg4 12. h3 Bh5 13. Be4 Qb6 14. Bxd5 Qxb2 15. Nbd2 Nc6 16. Bxc6 bxc6 17. Bxd6 Rfd8 18. Bxc5 Qxc3 19. Qb3 Qa5 20. Nc4 Qc7 21. g4 Rd5 22. Ne3 Rxc5 23. dxc5 Bxa1 24. Rxa1 Qf4 25. Kg2 Rb8 26. Qc4 Qf6 27. Qd4 1-0


[Site "https://www.chess.com"]

[Event "Titled Tuesday Blitz August 08 Early 2023"]
[White "Toropov, Pavel"]
[Black "Ventura Bolet, Maxim"]
[WhiteFideId "24129178"]
[BlackFideId "22238824"]
[WhiteElo "2577"]
[BlackElo "2398"]
[Result "1-0"]
[Round "3"]
[TimeControl "180+1"]
[Date "2023.08.08"]
[WhiteClock "0:00:07"]
[BlackClock "0:00:53"]
[Board "155"]

1. e4 Nf6 2. e5 Nd5 3. d4 d6 4. exd6 cxd6 5. c4 Nb6 6. Nc3 g6 7. h3 Bg7 8. Nf3 O-O 9. Be3 Nc6 10. Be2 Bf5 11. O-O d5 12. c5 Nc4 13. Bc1 b6 14. b3 bxc5 15. bxc4 cxd4 16. Nxd5 d3 17. Bxd3 Bxd3 18. Qxd3 Bxa1 19. Bh6 Bg7 20. Bxg7 Kxg7 21. Re1 f6 22. Nd4 Nxd4 23. Rxe7+ Kg8 24. Qxd4 Qd6 25. c5 Qa6 26. Qh4 Rf7 27. Rxf7 Kxf7 28. Qxh7+ Ke6 29. Nc7+ Kf5 30. Nxa6 Rd8 31. Qe7 Rd1+ 32. Kh2 Kg5 33. g4 Kh4 34. Qh7+ Kg5 35. Qe7 Rf1 36. Qe3+ Kh4 37. Kg2 f5 38. Qg3+ Kg5 39. gxf5+ Kxf5 40. Kxf1 g5 41. h4 g4 42. h5 Ke4 43. Qxg4+ Kd3 44. h6 Kc2 45. h7 Kb1 46. h8=Q Kc2 47. Qe4+ Kc1 48. Qh6+ Kb2 49. Qe2+ Ka3 50. Qhe3+ Ka4 51. Qc4+ Ka5 52. Qa3# 1-0


[Site "https://www.chess.com"]

[Event "Titled Tuesday Blitz August 08 Early 2023"]
[White "Luong Phuong Hanh"]
[Black "Eynullayev, Altay"]
[WhiteFideId "12401013"]
[BlackFideId "13413562"]
[WhiteElo "2391"]
[BlackElo "2575"]
[Result "0-1"]
[Round "3"]
[TimeControl "180+1"]
[Date "2023.08.08"]
[WhiteClock "0:00:12"]
[BlackClock "0:00:16"]
[Board "156"]

1. d4 Nf6 2. Nf3 g6 3. g3 Bg7 4. Bg2 O-O 5. O-O d5 6. c4 dxc4 7. Na3 c3 8. bxc3 c5 9. Qb3 Nc6 10. Rd1 Qa5 11. Nc4 Qa6 12. d5 Na5 13. Nxa5 Qxa5 14. Bb2 Bf5 15. c4 Be4 16. Qe3 Rfe8 17. Bxf6 exf6 18. Qb3 Qc7 19. Re1 f5 20. Rad1 b6 21. Nh4 Bxg2 22. Nxg2 Qd6 23. Nf4 h5 24. Qf3 Be5 25. Nd3 Bc3 26. Rf1 Bf6 27. Nf4 Re4 28. Nxh5 gxh5 29. Qxh5 Rxc4 30. Qxf5 Re8 31. e3 b5 32. Rc1 Rxc1 33. Rxc1 c4 34. h4 c3 35. h5 Re5 36. Qg4+ Rg5 37. Qe2 Qxd5 38. e4 Qc4 39. Qf3 Qe6 40. Qe3 b4 41. h6 Rh5 42. Qf3 Qh3 43. Rc2 Qh2+ 44. Kf1 Qh1+ 45. Ke2 Qxf3+ 46. Kxf3 Rxh6 47. Ke3 Rh2 48. g4 Rg2 49. Kf3 Rg1 50. Kf4 Rb1 51. g5 Bd4 52. f3 Rb2 53. Rc1 c2 54. Kf5 a5 55. f4 Rxa2 56. g6 fxg6+ 57. Kxg6 b3 58. Kf5 b2 59. Rg1+ Kf7 0-1


[Site "https://www.chess.com"]

[Event "Titled Tuesday Blitz August 08 Early 2023"]
[White "vishwa_vijeta"]
[Black "Nosacheva, Mariya"]
[BlackFideId "34111422"]
[WhiteElo "2573"]
[BlackElo "2388"]
[Result "1-0"]
[Round "3"]
[TimeControl "180+1"]
[Date "2023.08.08"]
[WhiteClock "0:02:43"]
[BlackClock "0:02:12"]
[Board "157"]

1. e4 c5 2. Nf3 d6 3. d4 cxd4 4. Nxd4 Nf6 5. Nc3 a6 6. Bg5 Nbd7 7. f4 Qc7 8. Qf3 h6 9. Bh4 g5 10. fxg5 hxg5 11. Bxg5 Qc5 12. Be3 Ne5 13. Qe2 Bg4 14. Qd2 Qc6 15. Nxc6 1-0


[Site "https://www.chess.com"]

[Event "Titled Tuesday Blitz August 08 Early 2023"]
[White "Qiao, Cindy"]
[Black "Do Nascimento,Christian Almeida"]
[WhiteFideId "2620243"]
[BlackFideId "2143801"]
[WhiteElo "2387"]
[BlackElo "2568"]
[Result "1-0"]
[Round "3"]
[TimeControl "180+1"]
[Date "2023.08.08"]
[WhiteClock "0:00:18"]
[BlackClock "0:00:00"]
[Board "158"]

1. d4 Nf6 2. Bf4 d5 3. e3 e6 4. Nf3 Bd6 5. Ne5 O-O 6. Bd3 h6 7. h4 c5 8. c3 Nc6 9. g4 Qc7 10. g5 hxg5 11. hxg5 Nxe5 12. gxf6 Nxd3+ 13. Qxd3 g6 14. Bh6 Bh2 15. f4 Bg3+ 16. Kd2 Bxf4 17. Bxf4 e5 18. Bh6 Bg4 19. Na3 cxd4 20. exd4 e4 21. Qe3 Rfe8 22. Bg7 Bh5 23. Rxh5 gxh5 24. Rg1 Qh2+ 25. Kc1 Re6 26. Bh6+ Kh7 27. Bf4 Qh4 28. Rg7+ Kh8 29. Be5 1-0


[Site "https://www.chess.com"]

[Event "Titled Tuesday Blitz August 08 Early 2023"]
[White "Vifleemskaia, Svetlana"]
[Black "Manukyan, Sargis A."]
[WhiteFideId "4129490"]
[BlackFideId "13303970"]
[WhiteElo "2385"]
[BlackElo "2567"]
[Result "0-1"]
[Round "3"]
[TimeControl "180+1"]
[Date "2023.08.08"]
[WhiteClock "0:00:00"]
[BlackClock "0:00:17"]
[Board "159"]

1. d4 d5 2. c4 e6 3. Nc3 Nf6 4. cxd5 exd5 5. Bg5 c6 6. e3 Nbd7 7. Bd3 Be7 8. Qc2 O-O 9. Nge2 Re8 10. f3 Nf8 11. Bh4 Ng6 12. Bf2 c5 13. Qd2 c4 14. Bc2 a6 15. a4 Bd7 16. a5 Bb4 17. O-O Bxa5 18. Kh1 b5 19. Qd1 b4 20. Na4 b3 21. Bb1 Bxa4 22. Rxa4 Bc7 23. Nc3 Qd6 24. g3 Qc6 25. Ra1 h5 26. Bf5 h4 27. Bh3 Nh5 28. g4 Qd6 29. f4 Nhxf4 30. exf4 Nxf4 31. Qf3 Ne2 32. Bg3 Nxg3+ 33. hxg3 f6 34. g5 fxg5 35. Qf7+ Kh8 36. Qh5+ Qh6 37. Qxh6+ gxh6 38. gxh4 Re3 39. Kg2 Rg3+ 40. Kf2 Rf8+ 41. Ke2 Re8+ 42. Kd2 Rxh3 43. Nxd5 Bg3 44. Rxa6 Rxh4 45. Nf6 Re7 0-1


[Site "https://www.chess.com"]

[Event "Titled Tuesday Blitz August 08 Early 2023"]
[White "Unat, Can Haktan"]
[Black "Legenia, Artem"]
[WhiteFideId "6398073"]
[BlackFideId "14136945"]
[WhiteElo "2567"]
[BlackElo "2382"]
[Result "0-1"]
[Round "3"]
[TimeControl "180+1"]
[Date "2023.08.08"]
[WhiteClock "0:01:23"]
[BlackClock "0:01:09"]
[Board "160"]

1. Nf3 g6 2. g3 Bg7 3. d4 Nf6 4. Bg2 O-O 5. O-O d6 6. c4 c5 7. Nc3 cxd4 8. Nxd4 Nc6 9. Nxc6 bxc6 10. Bxc6 Rb8 11. Nd5 Nxd5 12. Bxd5 Bf5 13. e4 Bh3 14. Re1 Bxb2 15. Bxb2 Rxb2 16. Qa4 Qb6 17. Rf1 Bxf1 18. Rxf1 e6 19. Bc6 Rb4 20. Qa3 Rc8 21. Bb5 a5 22. Qd3 Qc5 23. h4 d5 24. exd5 exd5 25. Ba6 Ra8 26. cxd5 Rd4 27. Qb5 Rxd5 28. Qb7 Rad8 29. Be2 Rd2 30. Bf3 Rxa2 31. h5 Kg7 32. hxg6 hxg6 33. Be4 Rdd2 34. Bd5 Qxd5 0-1


[Site "https://www.chess.com"]

[Event "Titled Tuesday Blitz August 08 Early 2023"]
[White "Borgaonkar Akshay"]
[Black "Gueci, Tea"]
[WhiteFideId "25639110"]
[BlackFideId "872342"]
[WhiteElo "2566"]
[BlackElo "2382"]
[Result "1-0"]
[Round "3"]
[TimeControl "180+1"]
[Date "2023.08.08"]
[WhiteClock "0:01:04"]
[BlackClock "0:00:22"]
[Board "161"]

1. e4 e5 2. Nf3 Nc6 3. Bb5 a6 4. Ba4 Nf6 5. d3 b5 6. Bb3 Bc5 7. Nc3 O-O 8. Nd5 h6 9. c3 Re8 10. Nxf6+ Qxf6 11. g4 Qg6 12. g5 hxg5 13. Rg1 Na5 14. Bxg5 Nxb3 15. axb3 d5 16. Qe2 dxe4 17. dxe4 Bb7 18. Be3 Qb6 19. Bxc5 Qxc5 20. O-O-O g6 21. Nh4 Re6 22. Nf5 Kf8 23. Nh4 b4 24. c4 a5 25. Qd2 a4 26. Qh6+ Kg8 27. Nxg6 fxg6 28. Rxg6+ Rxg6 29. Qxg6+ Kh8 30. Rd7 Bxe4 31. Qg7# 1-0


[Site "https://www.chess.com"]